 Dungeon Crawl Stone Soup version 0.29.1-15-g9cfb28693d (webtiles) character file.

Game seed: 8244096342419962785

647 Anriel the Shooter (level 7, -2/40 HPs)
             Began as a Deep Elf Hunter on Mar 1, 2023.
             Was an Initiate of Okawaru.
             Killed from afar by an orc wizard (3 damage)
             ... with an iceblast
             ... on level 5 of the Dungeon.
             The game lasted 00:27:55 (3861 turns).

Anriel the Shooter (Deep Elf Hunter)                Turns: 3861, Time: 00:27:57

Health: -2/40      AC:  7    Str: 12      XL:     7   Next: 27%
Magic:  10/14      EV: 15    Int: 18      God:    Okawaru [......]
Gold:   1048       SH:  0    Dex: 18 (20) Spells: 7/12 levels left

rFire   x . .      SeeInvis .   a - +1 shortbow
rCold   . . .      Faith    .   (shield currently unavailable)
rNeg    . . .      Spirit   .   d - +2 robe {Archmagi}
rPois   .          Reflect  .   m - +0 helmet
rElec   +          Harm     .   (no cloak)
rCorr   .          Rampage  .   (no gloves)
Will    +....      Archmagi +   z - +1 pair of boots of the Miller {rElec rF- Str+4 Int+4}
Stlth   +++.......              j - amulet of the acrobat
HPRegen 0.13/turn               s - ring of willpower
MPRegen 0.14/turn               (no ring)

@: on blink cooldown
A: no striking features
a: Renounce Religion


You were on level 5 of the Dungeon.
You worshipped Okawaru.
Okawaru was noncommittal.
You visited 2 branches of the dungeon, and saw 6 of its levels.

You collected 1048 gold pieces.

Inventory:

Hand Weapons
 a - a +1 shortbow (weapon)
 y - a +0 rapier
Armour
 c - a +0 leather armour
 d - a +2 robe of the Archmagi (worn)
 e - a +0 ring mail
 m - a +0 helmet (worn)
 p - a +0 pair of boots
 z - the +1 pair of boots of the Miller (worn) {rElec rF- Str+4 Int+4}
   (You acquired it in the Ecumenical Temple)

   Str:       It affects your strength (+4).
   Int:       It affects your intelligence (+4).
   rF:        It makes you vulnerable to fire.
   rElec:     It insulates you from electricity.
Jewellery
 j - an amulet of the acrobat (around neck)
 k - a ring of flight
 o - a ring of ice
 s - a ring of willpower (left hand)
Scrolls
 h - 2 scrolls of amnesia
 n - a scroll of enchant armour {unknown}
 w - a scroll of poison {unknown}
 A - a scroll of summoning {unknown}
 B - a scroll of fog {unknown}
Potions
 l - 2 potions of might
 q - 2 potions of lignification
 r - a potion of degeneration {unknown}
 t - a potion of cancellation {unknown}
 u - a potion of flight {unknown}
 v - 3 potions of brilliance
 x - a potion of invisibility {unknown}


   Skills:
 - Level 2.0 Fighting
 + Level 6.4 Ranged Weapons
 - Level 2.0 Armour
 - Level 5.3 Dodging
 - Level 5.2 Stealth
 - Level 3.4 Spellcasting
 + Level 1.5 Translocations


You had 7 spell levels left.
You knew the following spells:

 Your Spells              Type           Power      Damage    Failure   Level
a - Blink                 Tloc           26%        N/A       12%         2
b - Teleport Other        Tloc           13%        N/A       24%         3

Your spell library contained the following spells:

 Spells                   Type           Power      Damage    Failure   Level
 Apportation              Tloc           26%        N/A       9%          1
 Necrotise                Necr           16%        1d4       16%         1
 Gell's Gravitas          Tloc           13%        N/A       24%         3
 Lesser Beckoning         Tloc           13%        N/A       24%         3
 Manifold Assault         Tloc           13%        N/A       92%         5
 Summon Small Mammal      Summ           Unusable   N/A       N/A         1
 Call Canine Familiar     Summ           Unusable   N/A       N/A         3
 Summon Guardian Golem    Hex/Summ       Unusable   N/A       N/A         3

Dungeon Overview and Level Annotations

Branches:
Dungeon (5/15)             Temple (1/1) D:4

Altars:
Dithmenos
Fedhas
Gozag
Hepliaklqana
Kikubaaqudgha
Makhleb
Okawaru
Qazlal
Ru
Sif Muna
Trog
Uskayaw
Vehumet
Wu Jian
Xom

Annotations:
D:4 Eustachio
D:5 Grinder


Message History

Press: ? - help, Q - select action, (/) - cycle Shift-Dir - straight line, f/p - ogre
Aim: an ogre, wielding a +0 giant club (79% to hit)
You shoot an arrow. The arrow hits the ogre.
The ogre is lightly wounded.
You hear a shout! x2
An orc priest comes into view. It is wielding a +0 dagger.
An orc wizard comes into view.
It is wielding a +0 dagger and carrying a wand of iceblast (11).
The orc wizard mumbles some strange words.
The orc wizard flickers and vanishes!
Deactivating autopickup; reactivate with Ctrl-A.
A puff of flame appears from out of thin air!
The puff of flame misses you.
You feel stable enough to blink again. The orc priest misses you.
You hear some strange, mumbled words.
Something tries to affect you, but you resist.
An orc comes into view. It is wielding a +0 short sword.
Something misses you.
The orc shouts!
The orc attacks as you move away! The orc completely misses you.
The orc priest mumbles some strange prayers to Beogh against you.
Something writhes in agony.
Something misses you. The orc attacks as you move away!
The orc completely misses you.
The orc priest calls down the wrath of Beogh upon you.
Beogh smites you!
You hear a zap.
An iceblast appears from out of thin air!
The mass of ice explodes!
The iceblast engulfs you!
You hear a shout! x2
You hear a zap.
An iceblast appears from out of thin air!
The mass of ice explodes!
The iceblast engulfs you!
* * * LOW HITPOINT WARNING * * *
Casting: Blink (safe; 12% risk of failure)
Confirm with . or Enter, or press ? or * to list all spells.
You feel a surge of power!
You blink.
You hear a zap.
An iceblast appears from out of thin air!
The mass of ice explodes!
The iceblast engulfs you.
You die...

####...# ###.#
######.## #....#..#
#....##.## #....##..#
#........####
#..>.##{O...#
#.....@#.##.#########
######.#.##.O..O....###
#ยง#.##########....
#.#.# ##### #.#.# #...#
########## ##..#
#..<...... #..#
#.......## ##.#
#......###


You could see an ogre.

Vanquished Creatures
  Sigmund (D:3)
  3 scorpions
  A jelly (D:4)
  An orc wizard (D:5)
  Terence (D:3)
  Robin (D:2)
  10 adders
  A shadow imp (D:4)
  2 worms (D:2)
  9 dart slugs
  3 orcs
  2 ball pythons (D:2)
  9 endoplasms
  7 giant cockroaches
  16 goblins
  7 hobgoblins
  6 kobolds
  2 quokkas
  6 bats
  3 frilled lizards
  8 rats
99 creatures vanquished.

Notes
Turn   | Place    | Note
-------+----------+-------------------------------------------
     0 | D:1      | Anriel the Deep Elf Hunter began the quest for the Orb.
     0 | D:1      | Reached XP level 1. HP: 12/12 MP: 3/3
   130 | D:1      | Reached XP level 2. HP: 17/17 MP: 4/4
   640 | D:1      | Reached XP level 3. HP: 21/21 MP: 5/5
   741 | D:1      | Found a faded altar of an unknown god.
   960 | D:2      | Noticed Robin
   971 | D:2      | Killed Robin
  1046 | D:2      | Reached skill level 6 in Ranged Weapons
  1046 | D:2      | Reached XP level 4. HP: 17/26 MP: 6/6
  1751 | D:2      | Identified a scroll of acquirement
  1751 | D:2      | Acquired 869 gold pieces
  1783 | D:3      | Noticed Terence
  1796 | D:3      | Killed Terence
  1801 | D:3      | Reached XP level 5. HP: 23/30 MP: 7/7
  1814 | D:3      | Noticed Sigmund
  1821 | D:3      | Killed Sigmund
  1822 | D:3      | Reached skill level 5 in Dodging
  1822 | D:3      | Reached skill level 5 in Stealth
  1822 | D:3      | Reached XP level 6. HP: 20/35 MP: 8/8
  1838 | D:3      | Learned a level 2 spell: Blink
  1842 | D:3      | Learned a level 3 spell: Teleport Other
  2081 | D:3      | Reached skill level 1 in Spellcasting
  2485 | D:4      | Reached skill level 1 in Armour
  2618 | D:4      | Found a staircase to the Ecumenical Temple.
  2631 | Temple   | Entered the Ecumenical Temple
  2684 | Temple   | Became a worshipper of Warmaster Okawaru
  2711 | Temple   | Acquired the +1 pair of boots of the Miller {rElec rF-
                  | Str+4 Int+4}
  2755 | D:4      | Reached XP level 7. HP: 40/40 MP: 12/14
  2990 | D:4      | Noticed Eustachio
  3550 | D:5      | Entered Level 5 of the Dungeon
  3665 | D:5      | Noticed Grinder
  3696 | D:5      | HP: 1/40 [scorpion (5)]
  3706 | D:5      | Reached skill level 1 in Translocations
  3860 | D:5      | HP: 1/40 [something/iceblast (15)]
  3861 | D:5      | Killed from afar by an orc wizard

Illustrated notes

Levels and vault maps discovered:
D:1:      nicolae_arrival_washed_ashore, layout_loops_corners,
          ebering_ecumenical_altar_rust
D:2:      layout_loops_ring, minmay_fractal_squares_5, uniq_robin
D:3:      layout_rooms, uniq_terence, uniq_sigmund
D:4:      layout_rooms, minmay_temple_entry_statues_fountains, uniq_eustachio
D:5:      layout_rooms, overflow_temple_1_default, tso_oasis_becter,
          uniq_grinder
Temple:   eino_wide_crystal_templ

Skill      XL: |  1  2  3  4  5  6  7 |
---------------+----------------------+-----
Stealth        | 2 3 5 |  5.2
Fighting       | 2 |  2.0
Dodging        | 3 4 5 |  5.3
Ranged Weapons | 6 |  6.4
Spellcasting   | 3 |  3.4
Armour         | 2 |  2.0
Translocations | 1 |  1.5

Action                   |  1- 3 |  4- 6 |  7- 9 || total
-------------------------+-------+-------+-------++-------
Melee: Rapier            |       |       |    12 ||    12
 Fire: Shortbow          |    90 |   145 |    93 ||   328
 Cast: Blink             |       |       |     8 ||     8
  Use: Scroll            |     4 |     7 |     2 ||    13
       Potion            |       |       |     4 ||     4
Armor: Leather armour    |    13 |     8 |       ||    21
       Robe              |       |    13 |    75 ||    88
Dodge: Dodged            |    28 |    58 |   300 ||   386
